 Dungeon Crawl Stone Soup version 0.21.1-1-g345015f (webtiles) character file.

259 Labyrinth the Firebug (level 5, 0/39 HPs)
             Began as a Draconian Fire Elementalist on July 26, 2018.
             Succumbed to Ethylacetat's ghost's poison
             ... on level 3 of the Dungeon.
             The game lasted 00:12:53 (2804 turns).

Labyrinth the Firebug (Draconian Fire Elementalist) Turns: 2804, Time: 00:12:53

Health: 0/39       AC:  5    Str: 12    XL:     5   Next: 95%
Magic:  3/9        EV: 12    Int: 15    God:
Gold:   87         SH:  0    Dex: 11    Spells: 1/10 levels left

rFire    . . .     SeeInvis .   o - +0 mace
rCold    . . .     Gourm    .   (no shield)
rNeg     . . .     Faith    .   (armour unavailable)
rPois    .         Spirit   .   (helmet restricted)
rElec    .         Reflect  .   (no cloak)
rCorr    .         Harm     .   (no gloves)
MR       .....                  (no boots)
Stlth    ++........             (no amulet)
HPRegen  0.13/turn              (no ring)
MPRegen  0.11/turn              (no ring)

@: lethally poisoned (0 -> -4), very slightly contaminated, invisible
A: unfitting armour, cold-blooded, AC +5
a: no special abilities


You were on level 3 of the Dungeon.
You were not hungry.

You visited 1 branch of the dungeon, and saw 6 of its levels.

You collected 87 gold pieces.

Inventory:

Hand Weapons
 g - a +0 flail
 l - a +0 hunting sling
 m - a +1 dagger of venom
 o - a +0 mace (weapon)
Missiles
 c - 35 poisoned needles
 h - 55 bolts
 k - 57 stones (quivered)
 p - 20 arrows
 r - 16 sling bullets
Scrolls
 e - 3 scrolls of amnesia
 i - 2 scrolls of teleportation
 n - a scroll of remove curse
 t - 2 scrolls of identify
Potions
 j - a potion of brilliance
 s - a potion of agility
Books
 a - a book of Flames

   Spells                             Type                      Level
   a - Flame Tongue                   Conjuration/Fire             1
   b - Throw Flame                    Conjuration/Fire             2
   c - Conjure Flame                  Conjuration/Fire             3
   d - Inner Flame                    Hexes/Fire                   3
   e - Sticky Flame                   Conjuration/Fire             4
   f - Fireball                       Conjuration/Fire             5
Comestibles
 b - 11 rations


   Skills:
 + Level 0.4 Fighting
 + Level 0.4 Short Blades
 + Level 1.0 Maces & Flails
 + Level 0.4 Slings
 + Level 2.6 Dodging
 + Level 2.2 Stealth
 + Level 3.1 Spellcasting
 + Level 2.1 Conjurations
 + Level 4.6 Fire Magic


You had one spell level left.
You knew the following spells:

 Your Spells              Type           Power        Failure   Level  Hunger
a - Flame Tongue          Conj/Fire      ##...        4%          1    #......
b - Throw Flame           Conj/Fire      ##....       8%          2    ##.....
c - Conjure Flame         Conj/Fire      ##......     14%         3    ###....
d - Inner Flame           Hex/Fire       #.......     22%         3    ###....


Dungeon Overview and Level Annotations

Branches:
Dungeon (6/15)
 Temple: D:4-7

Altars:
Fedhas
Hepliaklqana

Annotations:
D:3 Ethylacetat's ghost, amateur NaGl


Innate Abilities, Weirdness & Mutations

Your plain brown scales are hard. (AC +5)
You cannot fit into any form of body armour.
You are cold-blooded and may be slowed by cold attacks.


Message History

You feel sick.
* * * LOW HITPOINT WARNING * * *
You feel sick.
* * * LOW HITPOINT WARNING * * *
You feel sick.
* * * LOW HITPOINT WARNING * * *
You feel sick.
* * * LOW HITPOINT WARNING * * *
You feel sick.
* * * LOW HITPOINT WARNING * * *
You feel sick.
* * * LOW HITPOINT WARNING * * *
You feel sick.
* * * LOW HITPOINT WARNING * * *
You feel sick.
* * * LOW HITPOINT WARNING * * *
You feel sick.
Okay, then.
Okay, then.
You die...

#......#
#.#
.......#
#.#
.......#
#.#
.......#
#.#
.#.###.#
#.#
.#...#.#
#.#
.###.#.#
#.#
...#.#.#
#.#
...#.#.#
#@#
##.#.#.#
#.#
##.#.#.#
#.#
##.#.#.#
#.#
##.#.#.#
#.#
..<..#.#
#.#
.#####.#
#W#
.......#
#.#
###########
#.#


You could see Ethylacetat's ghost.

Vanquished Creatures
  An ogre (D:4)
  Terence (D:3)
  A worker ant (D:4)
  6 adders
  An ooze (D:4)
  A worm (D:2)
  4 dart slugs
  2 leopard geckos
  2 giant cockroaches
  10 goblins
  11 hobgoblins
  5 bats
  3 frilled lizards
  7 kobolds
  7 rats
62 creatures vanquished.

Notes
Turn   | Place    | Note
-------+----------+-------------------------------------------
     0 | D:1      | Labyrinth the Draconian Fire Elementalist began the quest for the Orb.
     0 | D:1      | Reached XP level 1. HP: 14/14 MP: 3/3
   191 | D:1      | Reached XP level 2. HP: 15/20 MP: 0/5
   199 | D:1      | Learned a level 2 spell: Throw Flame
   812 | D:1      | Reached XP level 3. HP: 26/26 MP: 4/6
   817 | D:1      | Learned a level 3 spell: Conjure Flame
  1392 | D:2      | Reached XP level 4. HP: 28/33 MP: 0/7
  2168 | D:3      | Noticed Terence
  2184 | D:3      | Killed Terence
  2184 | D:3      | Reached skill level 4 in Fire Magic
  2208 | D:3      | Found a blossoming altar of Fedhas.
  2336 | D:3      | Reached XP level 5. HP: 38/38 MP: 3/8
  2368 | D:3      | Learned a level 3 spell: Inner Flame
  2459 | D:3      | You fall through a shaft for 3 floors!
  2462 | D:5      | Entered Level 5 of the Dungeon
  2462 | D:5      | Noticed an ogre
  2518 | D:4      | Found a hazy altar of Hepliaklqana.
  2519 | D:4      | Noticed an ogre
  2527 | D:4      | Killed an ogre
  2527 | D:4      | Reached skill level 1 in Maces & Flails
  2769 | D:3      | Noticed Ethylacetat's ghost (amateur NaGl)
  2802 | D:3      | HP: 1/39 [poisoned by Ethylacetat's ghost]
  2804 | D:3      | Succumbed to Ethylacetat's ghost's poison

Skill      XL: |  1  2  3  4  5 |
---------------+----------------+-----
Dodging        | 2 |  2.6
Stealth        | 2 |  2.2
Fire Magic     | 4 |  4.6
Maces & Flails | 1 |  1.0
Spellcasting   | 3 |  3.1
Conjurations   | 2 |  2.1
Fighting       | |  0.4
Short Blades   | |  0.4
Slings         | |  0.4

Action                   |  1- 3 |  4- 6 || total
-------------------------+-------+-------++-------
Melee: Short sword       |    15 |       ||    15
       Club              |    11 |       ||    11
       Tailslap          |     8 |     3 ||    11
       Dagger            |     3 |       ||     3
       Mace              |    13 |    49 ||    62
 Fire: Hunting sling     |       |    10 ||    10
Throw: Stone             |       |     1 ||     1
 Cast: Flame Tongue      |    54 |    34 ||    88
       Throw Flame       |     3 |    13 ||    16
       Conjure Flame     |       |     3 ||     3
  Use: Scroll            |     3 |     5 ||     8
       Potion            |       |     5 ||     5
  Eat: Chunk             |     3 |     2 ||     5
       Ration            |       |     1 ||     1
Armor: Skin              |     8 |    16 ||    24
Dodge: Dodged            |    43 |    52 ||    95
